 Dungeon Crawl Stone Soup version 0.25-a0-308-geac79542e2 (webtiles) character file.

Game seed: 7161748581037018989, levelgen mode: deterministic

8911 Lanoc the Cleaver (level 11, -18/108 HPs)
             Began as a Hill Orc Gladiator on Dec 22, 2019.
             Was a Follower of Uskayaw.
             Killed from afar by a lich (34 damage)
             ... with a crystal spear
             ... on level 1 of the Abyss.
             The game lasted 00:30:59 (14549 turns).

Lanoc the Cleaver (Hill Orc Gladiator)             Turns: 14549, Time: 00:30:59

Health: -18/108    AC: 10    Str: 18    XL:     11   Next: 38%
Magic:  19/19      EV: 14    Int:  9    God:    Uskayaw [*.....]
Gold:   772        SH:  0    Dex: 15    Spells: 9/10 levels left

rFire    + . .     SeeInvis .   b - +6 quarterstaff of the Insatiable Nights {vamp, Int+5}
rCold    . . .     Gourm    .   (shield currently unavailable)
rNeg     . . .     Faith    .   D - +2 scale mail {MR+}
rPois    .         Spirit   .   z - +0 helmet
rElec    .         Reflect  .   (no cloak)
rCorr    .         Harm     .   (no gloves)
MR       +....     Rnd*Rage +   (no boots) Stlth ..........Rnd*Tele +
                                (no amulet)
HPRegen  0.00/turn              C - +4 ring of dexterity
MPRegen  0.16/turn              c - +4 ring of protection

@: very slightly contaminated, non-regenerating, mildly diseased
A: [berserk 2], [clumsy 2], deformed body, [deterioration 2], [dopey 2], fire
resistance 1, high mp 1, robust 1, [screaming 2], [teleportitis 2], [subdued
magic 2]
a: Stomp, Renounce Religion


You were on level 1 of the Abyss.
You worshipped Uskayaw.
Uskayaw was aware of your devotion.
You were not hungry.

You visited 3 branches of the dungeon, and saw 13 of its levels.
You visited the Abyss 1 time.

You collected 772 gold pieces.

Inventory:

Hand Weapons
 a - a +1 war axe
 b - the +6 quarterstaff of the Insatiable Nights (weapon) {vamp, Int+5}
   (You found it on level 10 of the Dungeon)

   It inflicts no extra harm, but heals its wielder when it wounds a living foe.
   It affects your intelligence (+5).
 n - a +0 battleaxe
 E - a +2 executioner's axe of freezing
Missiles
 r - a datura-tipped dart (quivered)
Armour
 z - a +0 helmet (worn)
 B - a +0 buckler
 D - a +2 scale mail of magic resistance (worn)
Jewellery
 c - a +4 ring of protection (right hand)
 q - an uncursed ring of flight
 C - a +4 ring of dexterity (left hand)
Scrolls
 e - a scroll of enchant armour
 i - 7 scrolls of identify
 j - 3 scrolls of amnesia
 k - 5 scrolls of enchant weapon
 l - a scroll of magic mapping
 m - 7 scrolls of remove curse
 w - 3 scrolls of fog
Potions
 h - a potion of lignification
 o - 2 potions of curing
 s - 2 potions of mutation
 t - 2 potions of flight
 u - a potion of resistance
Miscellaneous
 x - a phial of floods (inert)
Comestibles
 f - 23 rations


   Skills:
 + Level 9.9 Fighting
 * Level 14.6 Axes
 - Level 1.7 Throwing
 + Level 7.2 Dodging
 + Level 8.6 Invocations


You had 9 spell levels left.
You knew the following spells:

 Your Spells              Type           Power        Failure   Level  Hunger
a - Apportation           Tloc           #.....       73%         1    ##.....

Your spell library contained the following spells:

 Spells                   Type           Power        Failure   Level  Hunger
 Animate Skeleton         Necr           N/A          73%         1    ##.....
 Confusing Touch          Hex            #.....       73%         1    ##.....
 Summon Small Mammal      Summ           #...         73%         1    ##.....
 Call Imp                 Summ           #.......     87%         2    ###....
 Passwall                 Tmut/Erth      #.......     87%         2    ###....
 Swiftness                Chrm/Air       #.......     87%         2    ###....
 Call Canine Familiar     Summ           #.......     98%         3    ####...
 Summon Guardian Golem    Hex/Summ       #.......     98%         3    ####...
 Passage of Golubria      Tloc           N/A          100%        4    #####..
 Summon Ice Beast         Ice/Summ       #.......     100%        4    #####..
 Summon Lightning Spire   Summ/Air       #.......     100%        4    #####..
 Lee's Rapid Deconstruct  Erth           #.........   100%        5    ######.
 Darkness                 Hex            #.........   100%        6    #######
 Invisibility             Hex            #.......     100%        6    #######


Dungeon Overview and Level Annotations

Branches:
Dungeon (10/15)            Temple (1/1) D:6            Lair (0/6) D:9
    Orc (2/2) D:10
    Elf: Orc:2

Altars:
Ashenzari
Cheibriados
Dithmenos
Elyvilon
Fedhas
Gozag
Hepliaklqana
Kikubaaqudgha
Makhleb
Nemelex Xobeh
Okawaru
Qazlal
Ru
Sif Muna
Trog
Uskayaw
Vehumet
Wu Jian
Xom
Yredelemnul
Zin
The Shining One

Shops:
D:8 *

Annotations:
Orc:2 Sonja


Innate Abilities, Weirdness & Mutations

Armour fits poorly on your strangely shaped body.
Your flesh is heat resistant. (rF+)
You have an increased reservoir of magic. (+10% MP)
You are robust. (+10% HP)
[You often lose your temper in combat.]
[You are very clumsy. (Dex -4)]
[Your body often deteriorates upon taking damage.]
[You are very dopey. (Int -4)]
[You sometimes yell uncontrollably at your foes.]
[You are sometimes teleported next to monsters.]
[Your spells are easier to cast, but less powerful.]


Message History

* * * LOW HITPOINT WARNING * * *
Unknown command.
Found a gateway leading deeper into the Abyss.
The wretched star pulses with an eldritch light!
You feel stupid. x2; Your connection to magic feels subdued.
Your connection to magic feels more subdued.
The rakshasa blinks!
Found 46 gold pieces.
The lich casts a spell at you. You resist with significant effort.
The wretched star pulses with an eldritch light!
You feel yourself wasting away.
You feel your body start to fall apart.
You feel the urge to shout.
You feel a strong urge to yell. The lich casts a spell at you.
The crystal spear misses you.
You hear a roar!
There is a gateway leading deeper into the Abyss here.
The lich casts a spell at you. The crystal spear hits you!!
You die...

## ... ... #.# #### #
###..##..###.###
......$.........
...............
#..##@.##..##
##.....#.#...# ..
.####.....# . # . #.
###L.#.# ## #.. #.
####*..# . #. ##
#.###....#..# #..#
..#####...#L#.##..#
..#.##x...#..#..#..)..
.#...#......*.. ...
...


You could see a lich and a wretched star.

Vanquished Creatures
  A two-headed ogre (D:10)
  An unseen horror (D:8)
  An orc sorcerer (Orc:1)
  An orange demon (Abyss:1)
  2 trolls
  A hornet (D:10)
  4 hippogriffs (D:10)
  Grinder (D:6)
  Sigmund (D:3)
  Eustachio (D:6)
  A water moccasin (D:10)
  8 orc warriors
  2 sky beasts
  4 ice beasts
  2 phantoms
  An ogre (D:10)
  2 centaurs
  3 wolves (D:9)
  5 bullfrogs
  A gnoll sergeant (D:9)
  2 scorpions
  10 killer bees
  An electric eel (D:9)
  5 howler monkeys
  5 crimson imps
  2 centaur skeletons
  10 hounds
  6 orc priests
  3 bullfrog skeletons
  A jelly (D:9)
  15 orc wizards
  4 iguanas
  Ijyb (D:3)
  Terence (D:3)
  5 worker ants
  A hound zombie (D:6)
  A hound skeleton (D:5)
  Robin (D:4)
  11 gnolls
  8 adders
  A howler monkey skeleton (D:10)
  4 shadow imps
  2 oozes (D:1)
  An adder zombie (D:5)
  An adder skeleton (D:7)
  2 worms
  A dart slug (D:6)
  6 leopard geckos
  37 orcs
  6 bats
  4 giant cockroaches
  17 goblins
  4 hobgoblins
  10 jackals
  8 kobolds
  3 quokkas
  3 frilled lizards
  A leopard gecko skeleton (D:4)
  5 rats
252 creatures vanquished.

Vanquished Creatures (others)
  An ogre (D:8)
  A small abomination (Abyss:1)
  A bat (D:9)
3 creatures vanquished.

Grand Total: 255 creatures vanquished

Notes
Turn   | Place    | Note
-------+----------+-------------------------------------------
     0 | D:1      | Lanoc the Hill Orc Gladiator began the quest for the Orb.
     0 | D:1      | Reached XP level 1. HP: 18/18 MP: 1/1
   273 | D:1      | Reached XP level 2. HP: 25/25 MP: 2/2
   604 | D:1      | Reached XP level 3. HP: 29/31 MP: 3/3
  1109 | D:2      | Reached skill level 5 in Axes
  1259 | D:2      | Found a radiant altar of Vehumet.
  1336 | D:1      | Reached XP level 4. HP: 11/38 MP: 4/4
  1623 | D:2      | Found a sacrificial altar of Ru.
  2167 | D:2      | Reached XP level 5. HP: 29/45 MP: 5/5
  2326 | D:3      | Noticed Sigmund
  2418 | D:3      | Reached skill level 6 in Axes
  2460 | D:3      | Noticed Terence
  2497 | D:3      | Killed Terence
  2782 | D:3      | Killed Sigmund
  2782 | D:3      | Reached skill level 7 in Axes
  2782 | D:3      | Reached XP level 6. HP: 53/53 MP: 6/6
  2914 | D:3      | Noticed Ijyb
  2927 | D:3      | Killed Ijyb
  3174 | D:3      | Found a faded altar of an unknown god.
  3177 | D:3      | Became a worshipper of Elyvilon the Healer
  3177 | D:3      | Reached * piety under Elyvilon
  3344 | D:4      | Noticed Robin
  3371 | D:4      | Killed Robin
  3444 | D:4      | Reached ** piety under Elyvilon
  3663 | D:4      | Reached XP level 7. HP: 51/60 MP: 7/7
  3677 | D:4      | Reached skill level 5 in Fighting
  3677 | D:4      | Reached skill level 8 in Axes
  3912 | D:5      | Entered Level 5 of the Dungeon
  3942 | D:5      | Reached *** piety under Elyvilon
  4023 | D:5      | Found a sand-covered staircase.
  5002 | D:6      | Found an opulent altar of Gozag.
  5032 | D:6      | Found a staircase to the Ecumenical Temple.
  5057 | Temple   | Entered the Ecumenical Temple
  5216 | Temple   | Fell from the grace of Elyvilon
  5216 | Temple   | Became a worshipper of Uskayaw the Reveler
  5245 | D:6      | Found a snail-covered altar of Cheibriados.
  5262 | D:6      | Reached * piety under Uskayaw
  5270 | D:6      | Reached ** piety under Uskayaw
  5313 | D:6      | Reached skill level 9 in Axes
  5313 | D:6      | Reached XP level 8. HP: 56/70 MP: 8/8
  5528 | D:6      | Noticed Eustachio
  5535 | D:6      | Found a glowing golden altar of the Shining One.
  5557 | D:6      | Reached *** piety under Uskayaw
  5560 | D:6      | Reached **** piety under Uskayaw
  5611 | D:6      | Reached skill level 1 in Invocations
  5749 | D:6      | Paralysed by an orc warrior for 3 turns
  5759 | D:6      | Reached skill level 10 in Axes
  5926 | D:6      | Killed Eustachio
  6101 | D:6      | Noticed Grinder
  6110 | D:6      | Paralysed by Grinder for 5 turns
  6127 | D:6      | Killed Grinder
  6127 | D:6      | Reached skill level 5 in Dodging
  6228 | D:7      | Reached XP level 9. HP: 66/78 MP: 11/11
  6294 | D:7      | Found a blossoming altar of Fedhas.
  6344 | D:7      | Learned a level 1 spell: Apportation
  6347 | D:7      | Found a burning altar of Makhleb.
  6490 | D:7      | Reached skill level 11 in Axes
  7148 | D:7      | Found a shimmering blue altar of Sif Muna.
  7445 | D:8      | Gained mutation: Armour fits poorly on your strangely
                  | shaped body. [potion of mutation]
  7445 | D:8      | Gained mutation: You are robust. (+10% HP) [potion of
                  | mutation]
  7445 | D:8      | Gained mutation: You have an increased reservoir of magic.
                  | (+10% MP) [potion of mutation]
  7445 | D:8      | Gained mutation: Your flesh is heat resistant. (rF+)
                  | [potion of mutation]
  7699 | D:8      | Reached skill level 5 in Invocations
  8081 | D:9      | Got a colourful robe
  8092 | D:9      | Identified the cursed +1 robe "Qepenear" {Dex+3} (You found
                  | it on level 9 of the Dungeon)
  8094 | D:9      | Identified a scroll of acquirement
  8163 | D:9      | Reached skill level 12 in Axes
  8642 | D:8      | Noticed a two-headed ogre
  8758 | D:8      | Found a white marble altar of Elyvilon.
  8838 | D:8      | Reached XP level 10. HP: 56/96 MP: 15/15
  9264 | D:8      | Found Doept's Assorted Antiques.
 10374 | D:8      | Killed an unseen horror
 10374 | D:8      | Reached skill level 13 in Axes
 10627 | D:9      | HP: 3/148 [troll (7)]
 11387 | D:10     | Entered Level 10 of the Dungeon
 11425 | D:10     | Found a staircase to the Orcish Mines.
 11816 | D:10     | Paralysed by a hornet for 2 turns
 11824 | D:10     | Paralysed by a hornet for 1 turns
 12238 | D:10     | Noticed a deep elf knight
 12316 | D:10     | Noticed a two-headed ogre
 12614 | D:9      | Found a staircase to the Lair.
 13128 | D:10     | Noticed a deep elf knight
 13168 | D:10     | Noticed a two-headed ogre
 13178 | D:10     | Reached XP level 11. HP: 91/106 MP: 18/18
 13185 | D:10     | Killed a two-headed ogre
 13185 | D:10     | Reached skill level 14 in Axes
 13185 | D:10     | Reached ***** piety under Uskayaw
 13574 | D:10     | Got an ichor-stained quarterstaff
 13596 | D:10     | Identified the +6 quarterstaff of the Insatiable Nights
                  | {vamp, Int+5} (You found it on level 10 of the Dungeon)
 13705 | Orc:1    | Entered Level 1 of the Orcish Mines
 14067 | Orc:2    | Entered Level 2 of the Orcish Mines
 14067 | Orc:2    | Noticed an orc sorcerer
 14084 | Orc:1    | Noticed a sun demon
 14085 | Orc:1    | Killed an orc sorcerer
 14113 | Orc:2    | Noticed Sonja
 14122 | Orc:2    | Cast into level 1 of the Abyss (Sonja)
 14253 | Abyss:1  | Noticed a starcursed mass
 14439 | Abyss:1  | Found a corrupted altar of Lugonu.
 14464 | Abyss:1  | Noticed a sun demon
 14464 | Abyss:1  | Noticed a balrug
 14491 | Abyss:1  | Noticed a wretched star
 14496 | Abyss:1  | Noticed a starcursed mass
 14526 | Abyss:1  | Noticed a lich
 14540 | Abyss:1  | Noticed a rakshasa
 14549 | Abyss:1  | Killed from afar by a lich

Levels and vault maps discovered:
D:1:      dpeg_arrival_castle, layout_basic
D:2:      layout_rooms, fiery_altar_vehumet, serial_forest,
          infiniplex_forest_clump_curved, infiniplex_forest_lined_room_2,
          infiniplex_forest_join, infiniplex_forest_zigzag_2,
          infiniplex_forest_clump_large, nicolae_ru_sacrificial_ziggurat
D:3:      layout_rooms, first_ration, chequers_ecumenical_altar_grove, hex_tiny,
          uniq_sigmund, uniq_terence, uniq_ijyb
D:4:      layout_gridville, uniq_robin
D:5:      layout_gridville, nicolae_ossuary_entry_plus
D:6:      layout_gridville, lemuel_crystal_altar, kennysheep_slug_shrine,
          minmay_temple_entry_overgrown, minmay_liquid_box, tso_metal_star,
          uniq_eustachio, uniq_grinder
D:7:      kennysheep_orc_sif_temple, layout_gridville, kennysheep_mini_moat,
          kennysheep_little_box
D:8:      minmay_opposing_rooms, layout_basic, elyvilon_altar_3, serial_shops,
          shop, grunt_decor_cap, lemuel_flamethrower_1
D:9:      layout_roguey, erik_lair_island
D:10:     minmay_the_grid_3x2 [minmay_the_grid_mess, minmay_the_grid_tiny_cups,
          minmay_the_grid_spikes, minmay_the_grid_large_cup,
          minmay_the_grid_plusring, minmay_the_grid_prize_diamond_cup],
          layout_loops_corners, gammafunk_ghost_grave
Temple:   nicolae_temple_elliptical
Orc:1:    layout_caves, basic_altar
Orc:2:    st_orc_rangers, layout_caves, serial_shops, shop_scrolls,
          david_defended_altar_orc, uniq_sonja
Abyss:1:  base: D:9, base: Lair:1, abyss_furniture_001

Skill      XL: |  1  2  3  4  5  6  7  8  9 10 11 |
---------------+----------------------------------+-----
Fighting       | 3 4 5 6 8 9 |  9.9
Axes           | 5 7 9 10 12 13 14 | 14.6
Dodging        | 3 4 5 6 7 |  7.2
Invocations    | 3 5 7 8 |  8.6
Throwing       | |  1.7

Action                   |  1- 3 |  4- 6 |  7- 9 | 10-12 || total
-------------------------+-------+-------+-------+-------++-------
Melee: War axe           |   113 |    97 |   327 |   291 ||   828
       Hand axe          |       |   104 |    30 |       ||   134
       Unarmed           |       |     1 |       |       ||     1
       Executioner's axe |       |       |    26 |       ||    26
       Quarterstaff      |       |       |       |    56 ||    56
Throw: Throwing net      |     2 |     4 |     5 |     3 ||    14
       Dart              |       |     1 |     2 |       ||     3
Evoke: Wand              |       |       |       |     8 ||     8
       Phial of floods   |       |       |       |     1 ||     1
       Phantom mirror    |       |       |       |     1 ||     1
  Use: Scroll            |       |       |    20 |     5 ||    25
       Potion            |       |       |    11 |     3 ||    14
 Stab: Held in net/web   |     1 |     1 |     2 |     1 ||     5
       Paralysed         |       |       |     9 |    20 ||    29
  Eat: Chunk             |     1 |     4 |    13 |    19 ||    37
       Ration            |       |     1 |     1 |       ||     2
Armor: Leather armour    |    37 |    16 |       |       ||    53
       Scale mail        |       |    38 |   196 |   137 ||   371
Dodge: Dodged            |   101 |   123 |   243 |   217 ||   684
Block: Buckler           |       |       |       |    42 ||    42

Table legend:
 A = Non-vault XP
 B = Vault XP
 C = Vault XP percentage of total XP
 D = Non-vault monster count
 E = Vault monster count
 F = Vault count percentage of total count
                 A         B        C        D         E       F
            +---------+---------+-------+---------+---------+-------
      Total |    6997 |    5734 |  45.0 |     195 |      57 |  22.6
            +---------+---------+-------+---------+---------+-------
        D:1 |      72 |       0 |   0.0 |      21 |       0 |   0.0
        D:2 |      95 |       0 |   0.0 |      19 |       0 |   0.0
        D:3 |      39 |     284 |  87.9 |      12 |       3 |  20.0
        D:4 |     221 |      37 |  14.3 |      13 |      13 |  50.0
        D:5 |     383 |       0 |   0.0 |      13 |       0 |   0.0
        D:6 |     744 |     470 |  38.7 |      21 |       3 |  12.5
        D:7 |     884 |     213 |  19.4 |      18 |       3 |  14.3
        D:8 |     779 |    1304 |  62.6 |      19 |       9 |  32.1
        D:9 |    1225 |     858 |  41.2 |      28 |       9 |  24.3
       D:10 |    1409 |    2568 |  64.6 |      20 |      17 |  45.9
      Orc:1 |     728 |       0 |   0.0 |       7 |       0 |   0.0
      Orc:2 |       9 |       0 |   0.0 |       3 |       0 |   0.0
    Abyss:1 |     409 |       0 |   0.0 |       1 |       0 |   0.0
            +---------+---------+-------+---------+---------+-------
